 Dungeon Crawl Stone Soup version 0.29-a0-322-g68df515428 (webtiles) character file.

Game seed: 6821605117606391784

9186 wakim the Zephyrmancer (level 11, -4/54 HPs)
             Began as a Tengu Air Elementalist on Apr 7, 2022.
             Was a Priest of Vehumet.
             Slain by a shadow (28 damage)
             ... on level 10 of the Dungeon.
             The game lasted 00:42:48 (12800 turns).

wakim the Zephyrmancer (Tengu Air Elementalist)    Turns: 12800, Time: 00:42:49

Health: -4/54      AC: 11    Str:  9    XL:     11   Next: 42%
Magic:  11/22      EV: 12    Int: 20    God:    Vehumet [***...]
Gold:   471        SH:  0    Dex: 14    Spells: 3/24 levels left

rFire   + . .      SeeInvis .   a - +3 dagger (elec)
rCold   . . .      Faith    .   (no shield)
rNeg    . . .      Spirit   .   Y - +4 ring mail {Will+}
rPois   .          Reflect  .   C - +0 hat of Indecent Exposure {Contam rF+ Will+}
rElec   .          Harm     .   O - +0 cloak
rCorr   .          Rampage  .   P - +0 pair of gloves
Will    ++...                   (boots unavailable)
Stlth   +.........              V - amulet of magic regeneration
HPRegen 0.18/turn               S - ring of wizardry
MPRegen 0.58/turn               G - ring of wizardry

@: flying quickly and evasively, quick
A: beak, talons 3, nimble flight
a: Renounce Religion


You were on level 10 of the Dungeon.
You worshipped Vehumet.
Vehumet was most pleased with you.
You visited 2 branches of the dungeon, and saw 11 of its levels.
You also visited: Bailey.

You collected 471 gold pieces.

Inventory:

Hand Weapons
 a - a +3 dagger of electrocution (weapon)
 b - the +10 morningstar of the Unkillable {flame, rCorr}
   (You found it on level 9 of the Dungeon)

   It burns those it strikes, dealing additional fire damage.
   rCorr:     It protects you from acid and corrosion.
Missiles
 Z - a throwing net {=f!f}
Armour
 C - the +0 hat of Indecent Exposure (worn) {Contam rF+ Will+}
   (You acquired it in a bailey)

   rF:        It protects you from fire.
   Contam:    It causes magical contamination when unequipped.
   Will:      It increases your willpower.
 J - a +1 robe of fire resistance
 O - a +0 cloak (worn)
 P - a +0 pair of gloves (worn)
 Y - a +4 ring mail of willpower (worn)
Jewellery
 A - a +6 ring of dexterity
 G - a ring of wizardry (right hand)
 I - a ring of willpower
 M - an amulet of the acrobat
 S - a ring of wizardry (left hand)
 V - an amulet of magic regeneration (around neck)
Wands
 v - a wand of flame (5)
 y - a wand of paralysis (9)
 z - a wand of polymorph (5)
Scrolls
 r - 2 scrolls of identify
 E - a scroll of enchant armour
 Q - 2 scrolls of enchant weapon
 R - a scroll of magic mapping {!r}
 T - 4 scrolls of teleportation
 U - 2 scrolls of fear
 W - a scroll of holy word
 X - a scroll of fog
Potions
 B - 3 potions of attraction {!q}
 D - 2 potions of brilliance
 F - 5 potions of curing
 H - 4 potions of haste
 K - 3 potions of magic
 L - 3 potions of lignification {!q}
 N - 2 potions of might


   Skills:
 - Level 2.1 Dodging
 - Level 2.0 Stealth
 + Level 7.3 Spellcasting
 * Level 14.0 Conjurations
 + Level 4.3 Fire Magic
 * Level 14.3 Air Magic


You had 3 spell levels left.
You knew the following spells:

 Your Spells              Type           Power      Damage    Failure   Level
a - Shock                 Conj/Air       100%       1d9       1%          1
b - Airstrike             Air            29%        N/A       1%          4
c - Freezing Cloud        Conj/Ice/Air   22%        6-21      1%          5
d - Static Discharge      Conj/Air       59%        N/A       1%          2
e - Ignite Poison         Fire/Tmut/Pois 13%        N/A       4%          3
f - Mephitic Cloud        Conj/Pois/Air  45%        N/A       1%          3
s - Swiftness             Air            59%        N/A       1%          3

Your spell library contained the following spells:

 Spells                   Type           Power      Damage    Failure   Level
 Hailstorm                Conj/Ice       35%        3d9       1%          4
 Stone Arrow              Conj/Erth      70%        3d11      1%          3
 Slow                     Hex            28%        N/A       7%          1
 Confusing Touch          Hex            7%         N/A       21%         3
 Vampiric Draining        Necr           7%         2d6       21%         3
 Petrify                  Tmut/Erth      7%         N/A       52%         4
 Lee's Rapid Deconstruct  Erth           3%         3d6*      52%         5
 Alistair's Intoxication  Tmut/Pois      4%         N/A       83%         5
 Borgnjor's Vile Clutch   Necr/Erth      3%         N/A       83%         5
 Eringya's Noxious Bog    Tmut/Pois      3%         N/A       95%         6
 Statue Form              Tmut/Erth      4%         N/A       100%        6


Dungeon Overview and Level Annotations

Branches:
Dungeon (10/15)            Temple (1/1) D:4            Lair (0/6) D:10
 Bailey (visited)
    Orc: D:9-12

Altars:
Ashenzari
Cheibriados
Dithmenos
Elyvilon
Fedhas
Gozag
Hepliaklqana
Kikubaaqudgha
Makhleb
Nemelex Xobeh
Okawaru
Qazlal
Ru
Trog
Uskayaw
Vehumet
Wu Jian
Xom
Yredelemnul
Zin
The Shining One

Shops:
D:5 ?   D:9 *

Portals:
Abyss: D:5

Annotations:
D:5 2 transporters, wakim's ghost, amateur OpTm
D:7 exclusions: black bear and centaur


Innate Abilities, Weirdness & Mutations

You have a beak for a mouth.
You have claws for feet.
Your magical nature lets you fly swiftly and evasively.


Message History

Vehumet accepts your kill.
You feel your power returning.
The lightning grounds out.
The vampire mosquito is engulfed in freezing vapours. x2
The vampire mosquito bites you but does no damage.
Casting: Static Discharge (safe; 1% risk of failure)
Confirm with . or Enter, or press ? or * to list all spells.
The vampire mosquito is struck by an arc of lightning.
The vampire mosquito is almost destroyed.
You are struck by an arc of lightning.
The vampire mosquito is struck by an arc of lightning.
You destroy the vampire mosquito!
Vehumet accepts your kill.
You feel your power returning.
Something is struck by an arc of lightning!
The lightning grounds out.
The shadow strikes at you from the darkness!
* * * LOW HITPOINT WARNING * * *
Reactivating autopickup.
Your Conjurations skill increases to level 14! 25/54 (-24)
Casting: Static Discharge (safe; 1% risk of failure)
Confirm with . or Enter, or press ? or * to list all spells.
The shadow is struck by an arc of lightning!
The shadow is heavily damaged.
The lightning grounds out.
The shadow hits you.
Casting: Static Discharge (safe; 1% risk of failure)
Confirm with . or Enter, or press ? or * to list all spells.
The shadow is struck by an arc of lightning.
The shadow is severely damaged.
You are struck by an arc of lightning.
* * * LOW HITPOINT WARNING * * *
The shadow is struck by an arc of lightning.
The shadow is almost destroyed.
The lightning grounds out.
The shadow slips into darkness.
The shadow flickers and vanishes!
Deactivating autopickup; reactivate with Ctrl-A.
The shadow strikes at you from the darkness!
Ouch! That really hurt!
You die...

#####.### ...... . #.##
.....>##. #..# ........#
###)## ..[<...§# ##
#..... ....§§§..
...#####)...) ...§☼§☼§#
.............
...☼§.†.####............
..§§§○{@...............)
...☼§§○........##.......
...§§...................
.######.................
#.................
#####...>.........
#....###...... #....#
#...... #....# #......


There were no monsters in sight!

Vanquished Creatures
  An orc warlord (Bailey)
  Amaemon (D:9)
  Pikel (D:4)
  An orange demon (D:9)
  A hornet (D:9)
  Sigmund (D:4)
  A wyvern (D:9)
  3 yaks (D:4)
  Eustachio (D:6)
  7 vampire mosquitoes (D:10)
  2 steam dragons (D:6)
  Edmund (D:4)
  3 black bears (D:5)
  11 orc warriors
  An ice beast (D:8)
  3 sky beasts
  4 ogres
  4 centaurs
  A lemure (D:4)
  3 phantoms
  A kobold brigand (D:7)
  3 necrophages
  5 bullfrogs
  3 gnoll sergeants
  6 wights (D:8)
  A killer bee (D:8)
  4 howler monkeys
  3 hounds
  7 orc priests
  2 gnoll shamans
  Ijyb (D:4)
  2 iguanas
  3 orc wizards
  A hound skeleton (D:5)
  15 gnolls
  6 adders
  4 shadow imps
  An ufetubus (D:4)
  4 worms
  6 dart slugs
  33 orcs
  6 endoplasms
  3 giant cockroaches
  12 goblins
  10 hobgoblins
  18 kobolds
  3 quokkas
  11 ball pythons
  5 bats
  5 frilled lizards
  6 rats
241 creatures vanquished.

Vanquished Creatures (others)
  3 plants (D:7)
3 creatures vanquished.

Grand Total: 244 creatures vanquished

Notes
Turn   | Place    | Note
-------+----------+-------------------------------------------
     0 | D:1      | wakim the Tengu Air Elementalist began the quest for the
                  | Orb.
     0 | D:1      | Reached XP level 1. HP: 10/10 MP: 4/4
   114 | D:1      | Reached XP level 2. HP: 15/15 MP: 0/6
   232 | D:1      | Learned a level 2 spell: Static Discharge
   361 | D:1      | Found a faded altar of an unknown god.
   644 | D:1      | Reached XP level 3. HP: 17/19 MP: 3/7
   655 | D:1      | Learned a level 3 spell: Swiftness
   724 | D:1      | Got Fohuc's Catalogue of the Mountains
   743 | D:1      | You fall into a shaft and drop 1 floor!
  1647 | D:2      | Reached skill level 5 in Air Magic
  1702 | D:2      | Reached XP level 4. HP: 20/24 MP: 1/8
  2136 | D:3      | Noticed an ogre
  2266 | D:3      | Found an ancient bone altar of Kikubaaqudgha.
  2363 | D:3      | Found a sparkling altar of Nemelex Xobeh.
  2657 | D:3      | Gained mutation: Your magical nature lets you fly swiftly
                  | and evasively. [Tengu growth]
  2657 | D:3      | Reached XP level 5. HP: 28/28 MP: 7/10
  2682 | D:3      | Found a shadowy altar of Dithmenos.
  2816 | D:4      | Noticed a phantom
  3331 | D:4      | Noticed an ogre
  3342 | D:3      | Learned a level 4 spell: Airstrike
  3378 | D:3      | Killed an ogre
  3379 | D:3      | Reached skill level 5 in Conjurations
  3379 | D:3      | Reached XP level 6. HP: 32/32 MP: 2/11
  3556 | D:4      | Noticed Pikel
  3724 | D:4      | Reached XP level 7. HP: 36/36 MP: 6/13
  3986 | D:4      | Noticed Edmund
  4234 | D:4      | Killed Edmund
  4366 | D:4      | Found a staircase to the Ecumenical Temple.
  4412 | Temple   | Entered the Ecumenical Temple
  4563 | Temple   | Became a worshipper of Vehumet
  5132 | D:4      | Killed Pikel
  5133 | D:4      | Reached XP level 8. HP: 41/41 MP: 1/15
  5340 | D:4      | Noticed Sigmund
  5345 | D:4      | Killed Sigmund
  5420 | D:4      | Noticed Ijyb
  5430 | D:4      | Killed Ijyb
  5543 | D:5      | Entered Level 5 of the Dungeon
  5560 | D:5      | Noticed a yak
  5633 | D:4      | Killed a yak
  5986 | D:5      | Reached skill level 10 in Air Magic
  5986 | D:5      | Reached XP level 9. HP: 42/45 MP: 12/17
  6039 | D:4      | Reached skill level 5 in Spellcasting
  6465 | D:5      | Reached skill level 10 in Conjurations
  6679 | D:5      | Found a transporter.
  6684 | D:5      | Found a transporter.
  6708 | D:5      | Reached * piety under Vehumet
  6708 | D:5      | Offered knowledge of Sandblast by Vehumet.
  7064 | D:5      | Found a one-way gate to the infinite horrors of the Abyss.
  7064 | D:5      | Noticed wakim's ghost (amateur OpTm)
  7261 | D:5      | Found Qymiot's Magic Scroll Emporium.
  7464 | D:5      | Found a burning altar of Makhleb.
  7595 | D:5      | Learned a level 5 spell: Freezing Cloud
  8322 | D:6      | Noticed Eustachio
  8325 | D:6      | Reached XP level 10. HP: 39/50 MP: 14/19
  8333 | D:6      | Killed Eustachio
  8427 | D:6      | Learned a level 3 spell: Mephitic Cloud
  8431 | D:6      | Learned a level 3 spell: Ignite Poison
  8435 | D:6      | Found a basalt altar of Yredelemnul.
  8880 | D:7      | Reached ** piety under Vehumet
  8940 | D:7      | Offered knowledge of Foxfire by Vehumet.
  9603 | D:7      | Found a broken altar of Ashenzari.
  9938 | D:8      | Reached skill level 1 in Fire Magic
 10975 | D:9      | Found Zuwiahe's Serpentskin Sales.
 11090 | D:9      | Identified the +10 morningstar of the Unkillable {flame,
                  | rCorr}
 11092 | D:9      | !bestwep
 11117 | D:9      | Offered knowledge of Inner Flame by Vehumet.
 11154 | D:9      | Found a flagged portal.
 11198 | Bailey   | Entered a bailey
 11258 | Bailey   | Noticed an orc warlord
 11325 | Bailey   | Reached *** piety under Vehumet
 11540 | Bailey   | Found a runed translucent gate.
 11548 | Bailey   | Found a runed translucent gate.
 11549 | Bailey   | Found a runed translucent gate.
 11797 | Bailey   | Killed an orc warlord
 11798 | Bailey   | Reached XP level 11. HP: 37/54 MP: 13/22
 11935 | Bailey   | Acquired the +0 hat of Indecent Exposure {Contam rF+ Will+}
 11950 | Bailey   | Identified the -6 hat of Intuition {*Corrode rElec Str-5
                  | Dex+8}
 11983 | D:9      | Noticed Amaemon
 11988 | D:9      | Killed Amaemon
 11995 | D:9      | Found an iron altar of Okawaru.
 12266 | D:9      | Identified the +1 robe "Oroseogi" {rF- Str+4 Dex+4}
 12377 | D:9      | Found an iron altar of Okawaru.
 12616 | D:10     | Entered Level 10 of the Dungeon
 12620 | D:10     | Offered knowledge of Hailstorm by Vehumet.
 12765 | D:10     | Found a staircase to the Lair.
 12800 | D:10     | Slain by a shadow

Illustrated notes

........##
##.##....#########
#.###...........##
#.# ###....).....##
#.### ##.##.......#
.......#.##.......#
#............#
###.#.......##
#..##@....#
##.........#
#.<..........#
.$.....$.....#
#...........##
####..##...## #..
#### #..


Turn 11092 on D:9: !bestwep

Levels and vault maps discovered:
D:1:      amcnicky_arrival_blooded_trapdoor, layout_basic,
          nicolae_ecumenical_lake_church, dreamdust_wishing_well
D:2:      layout_basic
D:3:      layout_rooms, nemelex_dance_club_becter,
          nicolae_kikubaaqudgha_miasma_corner, overflow_temple_1_default
D:4:      layout_basic, minmay_temple_entry_tees, serial_glass, glass_columns_a,
          glass_columns_c, glass_columns_b, glass_columns_a, glass_columns_a,
          glass_columns_a, glass_columns_a, glass_columns_a,
          hangedman_minor_gate_pass, uniq_sigmund, uniq_pikel, uniq_ijyb,
          uniq_edmund
D:5:      layout_loops_ring, makhleb_blood_cavern_becter,
          gammafunk_ghost_abyssal_escape, nrook_campfire,
          kennysheep_small_square
D:6:      layout_loops_ring, old_standard_altar, uniq_eustachio
D:7:      layout_layer_cave, mainiacjoe_overflow_24_doors, serial_bayou_pond_c,
          nrook_mini_backslash
D:8:      layout_basic, nicolae_zen_rock_garden, minmay_puff
D:9:      layout_rooms, okawaru_trees_2, enter_bailey_2, kennysheep_flooded_box,
          guppyfry_shop_venom, uniq_amaemon
D:10:     layout_rooms, nicolae_overflow_hidden_temple, lair_entry_dummy
Temple:   eino_temple_water

Skill      XL: |  1  2  3  4  5  6  7  8  9 10 11 |
---------------+----------------------------------+-----
Conjurations   | 2 3 5 8 9 11 13 14 | 14.0
Air Magic      | 5 6 7 9 10 12 13 14 | 14.3
Spellcasting   | 3 4 5 7 |  7.3
Fire Magic     | 3 4 |  4.3
Dodging        | |  2.1
Stealth        | |  2.0

Action                   |  1- 3 |  4- 6 |  7- 9 | 10-12 || total
-------------------------+-------+-------+-------+-------++-------
Melee: Dagger            |     8 |    14 |    37 |    28 ||    87
       Kick              |     4 |     2 |     8 |     7 ||    21
       Peck              |       |       |     7 |     8 ||    15
       Punch             |       |       |       |     2 ||     2
 Cast: Shock             |    61 |    40 |    37 |    29 ||   167
       Static Discharge  |     7 |    14 |    43 |    27 ||    91
       Airstrike         |       |     3 |    28 |    26 ||    57
       Swiftness         |       |       |     2 |       ||     2
       Freezing Cloud    |       |       |     6 |    45 ||    51
       Mephitic Cloud    |       |       |       |    14 ||    14
       Ignite Poison     |       |       |       |     7 ||     7
  Use: Scroll            |     3 |     1 |    11 |     7 ||    22
       Potion            |       |     1 |       |       ||     1
 Stab: Sleeping          |       |     2 |     1 |       ||     3
Armor: Robe              |     4 |     1 |       |       ||     5
       Ring mail         |       |     8 |    29 |    33 ||    70
Dodge: Dodged            |    10 |    16 |    48 |    36 ||   110

Table legend: (Time is in decaauts)
 A = Elapsed time spent in this place.
 B = Non-inter-level travel time spent in this place.
 C = Inter-level travel time spent in this place.
 D = Time resting spent in this place.
 E = Time spent auto-exploring this place.
 F = Levels seen in this place.
 G = Mean time per level.
                   A        B        C        D        E       F      G
               +--------+--------+--------+--------+--------+-----+--------+
         Total |  12208 |  11607 |    601 |    991 |   8267 |  12 | 1017.3 |
       Dungeon |  11339 |  10778 |    561 |    991 |   7812 |  10 | 1133.9 |
        Temple |    154 |    115 |     39 |      0 |     69 |   1 |  154.0 |
        Bailey |    714 |    714 |      0 |      0 |    385 |   1 |  714.0 |
               +--------+--------+--------+--------+--------+-----+--------+

Top non-repeatable levels by time:
     D:4: 2401 daAuts
     D:3: 1578 daAuts
     D:5: 1297 daAuts
     D:1: 1158 daAuts
     D:7: 1156 daAuts
     D:8: 1146 daAuts
     D:6: 954 daAuts
     D:2: 774 daAuts
  Bailey: 714 daAuts
     D:9: 690 daAuts
    D:10: 179 daAuts
  Temple: 154 daAuts
